Unix NetHack Version 3.7.0-95 Work-in-progress - last build Jan 1 2024 20:51:50 (6a0ccc5fa2390e420dd2d488a2f9488d2ae3a63b,branch:master). Game began 2024-01-07 11:56:47, ended 2024-01-07 13:15:36. Arasaka, neutral female human Tourist --------------- |...).......... |.n<..........| ######## |........@f.)..######################### |.............| ##### ###---%---------#) ---------.-----## #.C.`.......C| % ####### |.....C.....| |...---.-...| ####%##....| |...| # |..C| |C..| ---------- ##### |...| |...| |........%###% |...-----...| |..(.....| ## |.....C.....| |........| |C.........C| |........+ ------------- ---------- Arasaka the Excursionist St:13 Dx:11 Co:16 In:14 Wi:7 Ch:18 Neutral Dlvl:8 $:0 HP:0(60) Pw:21(21) AC:-1 Xp:7/1045 T:6219 Latest messages: You kill the jackal! You hit the jackal. The jackal misses! You kill the jackal! You hit the kitten! The kitten misses! The kitten bites! You hit the kitten! The kitten misses! You kill the kitten! O - a black onyx ring. There is a doorway here. You see here a jackal corpse. What do you want to write with? [- aeops-uxHNO or ?*] You write in the dust with your fingertip. There is a doorway here. You see here a jackal corpse. You hit the lynx! The lynx hits! The lynx hits again! The lynx misses! What do you want to write with? [- aeops-uxHNO or ?*] You write in the dust with your fingertip. The lynx turns to flee. The jackal misses! You kill the jackal! In what direction? The dart misses the lynx. In what direction? The dart hits the lynx! The lynx hits! The lynx misses! The lynx bites! In what direction? The dart hits the lynx. The lynx hits! The lynx misses! The lynx misses! The lynx hits! The lynx misses! The lynx bites! In what direction? The dart hits the lynx. The lynx misses! The lynx hits! The lynx bites! The lynx hits! The lynx misses! The lynx bites! You die... Inventory: Amulets ('"') Q - an uncursed amulet of reflection (being worn) Weapons (')') u - 25 uncursed +2 darts (at the ready) H - 6 uncursed +0 darts a - an uncursed +1 elven spear named +1 (weapon in right hand) o - an uncursed +0 orcish dagger Armor ('[') R - an uncursed +0 dwarvish iron helm (being worn) r - an uncursed +0 pair of iron shoes (being worn) j - a blessed +1 Hawaiian shirt with a giant eel motif (being worn) m - an uncursed +0 dwarvish mithril-coat (being worn) Comestibles ('%') g - an uncursed tripe ration n - an uncursed tin of dried snake meat d - 2 uncursed eggs v - an uncursed lizard corpse named tricebane Potions ('!') h - an uncursed potion of extra healing Rings ('=') N - a blessed +1 ring of gain strength O - an uncursed -2 ring of protection Wands ('/') s - an uncursed wand of digging (0:3) t - an uncursed wand of secret door detection (0:11) e - an uncursed wand of striking (0:7) x - an uncursed wand of striking (0:0) Tools ('(') z - an uncursed bag of holding containing 16 items Z - an empty uncursed sack k - an uncursed expensive camera (0:29) E - an uncursed magic lamp D - a blessed oil lamp C - an uncursed oil lamp F - an uncursed oil lamp G - an uncursed skeleton key p - an uncursed towel Contents of the bag of holding: 316 gold pieces an uncursed +0 dwarvish cloak an uncursed +0 Hawaiian shirt with an orchid motif a blessed scroll of blank paper an uncursed scroll of create monster a cursed scroll of earth an uncursed scroll of enchant weapon 3 uncursed scrolls of identify an uncursed scroll of light 4 uncursed scrolls of magic mapping a cursed scroll of teleportation an uncursed potion of hallucination an uncursed potion of see invisible an uncursed potion of water a cursed magic marker (0:94) an uncursed +0 pick-axe Arasaka the Tourist's attributes: Background: You were an Excursionist, a level 7 female human Tourist. You were neutral, on a mission for The Lady who was opposed by Blind Io (lawful) and Offler (chaotic). You were right-handed. You were in the Dungeons of Doom, on level 8. You entered the dungeon 6219 turns ago. You had 1045 experience points, 235 more were needed to attain level 8. Basics: You had 0 out of 60 hit points. You had all 21 energy points (spell power). Your armor class was -1. Your wallet was empty, but you had 316 zorkmids stashed away in your pack. Autopickup was on for '$"?' plus thrown, with exceptions. Final Characteristics: Your strength was 13 (limit:18/100). Your dexterity was 11 (limit:18). Your constitution was 16 (limit:18). Your intelligence was 14 (limit:18). Your wisdom was 7 (limit:18). Your charisma was 18 (limit:18). Final Status: You weren't hungry. You were unencumbered. You were wielding a spear. You had basic skill with spear. Final Attributes: You were piously aligned. You were telepathic. You were guarded. You had reflection. You are dead. Miscellaneous: You disabled loading of bones levels. Total elapsed playing time was 1 hour, 18 minutes and 49 seconds. Major events: Turn 1: Arasaka the neutral female human Tourist entered the dungeon 1543: entered the Gnomish Mines 1609: attained the rank of Sightseer (level 3) 4048: attained the rank of Excursionist (level 6) 5027: reached Mine Town 6219: killed by a lynx Vanquished creatures: 2 small mimics a watchman 2 giant beetles a leprechaun a black light a gnome ruler a brown pudding a lizard 2 dingoes a dog a housecat a gnome mummy 2 Woodland-elves a wood nymph 2 rock moles 2 fog clouds a yellow light 6 gnome leaders 2 gnomish wizards a kobold mummy 3 elf zombies a paper golem a giant ant 2 floating eyes 2 kittens 7 dwarves a homunculus 3 rothes a giant bat a monkey 10 orc zombies 2 iguanas a gas spore 5 hobbits 4 hobgoblins 2 giant rats 8 cave spiders a yellow mold a red mold 22 gnomes a gnome zombie 9 geckos 15 jackals 5 foxes 4 kobolds 2 goblins 5 sewer rats 7 grid bugs 4 lichens a kobold zombie 5 newts 168 creatures vanquished. No species were genocided or became extinct. Voluntary challenges: You read items or engraved 17 times. You engraved Elbereth 3 times. You never genocided any monsters. You never polymorphed an object. You never changed form. You used no wishes. Achievements: You entered a shop. You entered the Gnomish Mines. You attained the rank of Sightseer. You attained the rank of Excursionist. You entered Minetown. You entered a temple. The Dungeons of Doom: levels 1 to 8 Level 1: A fountain. Level 2: Level 3: Some fountains, a sink. Level 4: Some fountains. Stairs down to The Gnomish Mines. Level 5: Level 6: Level 7: Level 8: <- You were here. Final resting place for you, killed by a lynx. The Gnomish Mines: levels 5 to 8 Level 5: Level 6: Level 7: A temple and an altar, some fountains. Level 8: Game over: ---------- / \ / REST \ / IN \ / PEACE \ / \ | Arasaka | | 316 Au | | killed by a lynx | | | | | | | | 2024 | *| * * * | * _________)/\\_//(\/(/\)/\//\/|_)_______ Aloha Arasaka the Tourist... You died in The Dungeons of Doom on dungeon level 8 with 4550 points, and 316 pieces of gold, after 6219 moves. You were level 7 with a maximum of 60 hit points when you died.